 Dungeon Crawl Stone Soup version 0.18-a0-1560-ge216ca8 (webtiles) character file.

5928 Hilldric the Cleaver (level 10, -4/132 HPs)
             Began as a Hill Orc Fighter on Mar 12, 2016.
             Was a Follower of Beogh.
             Slain by a red devil
             ... wielding a +0 vampiric trident
             ... summoned by an orc high priest
              (10 damage)
             ... on level 1 of the Orcish Mines.
             The game lasted 00:44:10 (12894 turns).

Hilldric the Cleaver (Hill Orc Fighter)            Turns: 12894, Time: 00:44:10

Health: -4/132     AC:  9    Str: 23    XL:     10   Next: 83%
Magic:  10/10      EV:  2    Int:  8    God:    Beogh [*.....]
Gold:   650        SH: 18    Dex: 15    Spells: 0 memorised, 9 levels left

rFire  . . .     SeeInvis .     a - +1 war axe
rCold  . . .     Gourm    .     (armour currently unavailable)
rNeg   + + +     Faith    .     b - +0 large shield
rPois  +         Spirit   .     (helmet currently unavailable)
rElec  .         Dismiss  .     (cloak currently unavailable)
rCorr  .         Reflect  .     (gloves currently unavailable)
SustAt +         Harm     .     (boots currently unavailable)
MR     .....     NoTele   +     x - amulet of magic regeneration
Stlth  ++++......               (no ring)
                                q - ring of sustain attributes

@: agile, tree-form, corroded equipment, not resistant to hostile enchantments,
stealthy
A: (molten scales 0)
a: Renounce Religion


You were on level 1 of the Orcish Mines.
You worshipped Beogh.
Beogh was aware of your devotion.
You were not hungry.
You were a tree.
You visited 2 branches of the dungeon, and saw 10 of its levels.
You also visited: Ossuary.

You collected 650 gold pieces.

Inventory:

Hand Weapons
 a - a +1 war axe (weapon)
 G - a +0 battleaxe
 H - a cursed -3 halberd
 I - a +2 dagger of venom
 L - a +0 falchion of slicing
 M - a +0 dire flail
Armour
 b - a +0 large shield (worn)
 j - a +0 helmet (melded)
 l - a troll hide
 v - the +4 ring mail "Dyini" (melded) {Int+3 Dex+4}
   (You found it on level 4 of the Dungeon)

   It affects your intelligence (+3).
   It affects your dexterity (+4).
 w - a steam dragon hide
 z - a +0 plate armour
 J - an ice dragon hide
Magical Staves
 s - an uncursed staff of earth
Jewellery
 q - a ring of sustain attributes (left branch)
 x - an amulet of magic regeneration (around neck)
Wands
 p - a wand of enslavement (12/24)
 C - a wand of digging (8/24)
Scrolls
 h - a scroll of amnesia
 k - a scroll of recharging
 y - 4 scrolls of remove curse
 D - a scroll of enchant weapon
Potions
 f - 2 potions of degeneration {unknown}
 n - a potion of flight
 o - 4 potions of magic
 E - a potion of beneficial mutation {unknown}
Miscellaneous
 e - a plain deck of defence {drawn: 6}
 K - a phantom mirror
Comestibles
 c - 2 fruits
 g - 3 slices of pizza


   Skills:
 + Level 8.1 Fighting
 + Level 10.1 Axes
 + Level 6.5 Armour
 + Level 6.4 Dodging
 + Level 1.9 Stealth
 + Level 9.5 Shields
 + Level 1.1 Evocations


You had 9 spell levels left.
You didn't know any spells.

Dungeon Overview and Level Annotations

Branches:
Dungeon (9/15)             Temple (0/1) D:4             Orc (1/2) D:9
   Lair: D:8-11

Altars:
Ashenzari
Cheibriados
Elyvilon
Fedhas
Kikubaaqudgha
Makhleb
Nemelex Xobeh
Okawaru
Pakellas
Qazlal
Ru
Xom
Yredelemnul
The Shining One
Beogh


Innate Abilities, Weirdness & Mutations

((You are partially covered in molten scales (AC +1).))


Message History

You hit the rust devil but do no damage.
The rust devil is severely wounded.
You block the red devil's attack.
The orc high priest hits you with a halberd!
* * * LOW HITPOINT WARNING * * *
The rust devil closely misses you.
Drink which item? (? for menu, Esc to quit)
You turn into a tree.
Your +0 helmet melds into your body.
The +4 ring mail "Dyini" {Int+3 Dex+4} melds into your body.
Your roots penetrate the ground.
You block the red devil's attack. You block the orc high priest's attack.
The rust devil hits you.
* * * LOW HITPOINT WARNING * * *
The rust devil corrodes you!
Drink which item? (? for menu, Esc to quit)
You can't drink that!
Drink which item? (? for menu, Esc to quit)
You feel agile all of a sudden.
The red devil hits you from afar with a vampiric trident!
You die...
Beogh appreciates the red devil's killing of a heretic priest.

##
##.....##.....##
#.....##...#...##
##....###.###.#.##
###.## ##.#.....#
### #........#
##.......#
###....## ##....#
#♣4..## #..o$.###
##....4#
#.##....$.##.
............
...........#.
.........$.###
............##
_..$..#.........#


You could see an orc high priest, a rust devil and a red devil.

Vanquished Creatures
  Joseph (D:9)
  2 trolls
  A two-headed ogre (D:9)
  A steam dragon (D:7)
  Edmund (D:6)
  2 wargs (Orc:1)
  Duvessa (D:7)
  2 water moccasins
  8 orc warriors
  A black bear (D:6)
  A phantom (D:9)
  9 ogres
  A sky beast (D:5)
  2 ice beasts (D:6)
  4 centaurs
  2 elf zombies (Ossuary)
  3 giant frogs
  A wyvern zombie (D:8)
  3 scorpions
  A water moccasin skeleton (D:5)
  Dowan (D:7)
  A giant frog zombie (D:8)
  3 crimson imps
  3 howler monkeys
  A human zombie (Ossuary)
  A hound (D:9)
  10 orc wizards
  2 orc priests (Orc:1)
  A centaur skeleton (D:4)
  2 iguanas
  7 worker ants
  A big kobold zombie (Ossuary)
  2 mummies (Ossuary)
  13 gnolls
  12 adders
  An ooze (D:3)
  2 adder skeletons
  2 worms
  8 giant geckos
  34 orcs
  A ball python (D:3)
  5 giant cockroaches
  5 goblins
  3 hobgoblins
  9 jackals
  3 quokkas
  A ball python skeleton (D:4)
  6 bats
  3 giant newts
  4 goblin zombies (Ossuary)
  9 hobgoblin zombies (Ossuary)
  A jackal skeleton (D:4)
  3 jackal zombies
  4 kobolds
  9 kobold zombies (Ossuary)
  8 orc zombies (Ossuary)
  A quokka zombie (D:7)
  5 rats
234 creatures vanquished.

Vanquished Creatures (others)
  An orc priest (D:9)
  An orc (D:9)
2 creatures vanquished.

Grand Total: 236 creatures vanquished

Notes
Turn   | Place    | Note
--------------------------------------------------------------
     0 | D:1      | Hilldric the Hill Orc Fighter began the quest for the Orb.
     0 | D:1      | Reached XP level 1. HP: 19/19 MP: 1/1
   308 | D:1      | Reached XP level 2. HP: 20/27 MP: 2/2
   633 | D:2      | Found an iron altar of Okawaru.
   637 | D:2      | Reached XP level 3. HP: 33/33 MP: 3/3
   832 | D:2      | Found a glowing golden altar of the Shining One.
   991 | D:2      | Found a white marble altar of Elyvilon.
  1541 | D:2      | Reached XP level 4. HP: 40/40 MP: 4/4
  1752 | D:3      | Reached skill level 1 in Dodging
  1897 | D:3      | Found a basalt altar of Yredelemnul.
  1897 | D:3      | Found a blossoming altar of Fedhas.
  2122 | D:3      | Found a stormy altar of Qazlal.
  2388 | D:4      | Reached XP level 5. HP: 43/46 MP: 5/5
  2403 | D:4      | Reached skill level 3 in Axes
  2578 | D:4      | Reached XP level 6. HP: 47/53 MP: 6/6
  2866 | D:4      | Found a staircase to the Ecumenical Temple.
  2939 | D:4      | Found a burning altar of Makhleb.
  2955 | D:4      | Reached skill level 5 in Shields
  3044 | D:4      | Found a sand-covered staircase.
  3051 | Ossuary  | Entered an ossuary
  3313 | Ossuary  | Reached skill level 4 in Axes
  3325 | Ossuary  | Reached XP level 7. HP: 31/60 MP: 7/7
  3769 | D:4      | Got a bronze ring mail
  3780 | D:4      | Identified the +4 ring mail "Dyini" {Int+3 Dex+4} (You found it on level 4 of the Dungeon)
  3952 | D:4      | Reached skill level 5 in Axes
  4145 | D:4      | Reached skill level 5 in Fighting
  4145 | D:4      | Reached skill level 1 in Stealth
  4641 | D:5      | Entered Level 5 of the Dungeon
  4868 | D:5      | Reached XP level 8. HP: 65/69 MP: 8/8
  5210 | D:5      | Gained mutation: You are partially covered in molten scales (AC +1). [mutagenic meat]
  5337 | D:5      | Reached skill level 5 in Armour
  5567 | D:5      | Reached skill level 6 in Axes
  5624 | D:5      | Found a snail-covered altar of Cheibriados.
  5969 | D:6      | Noticed Edmund
  5986 | D:6      | Killed Edmund
  6254 | D:6      | Reached XP level 9. HP: 41/75 MP: 9/9
  6470 | D:6      | Reached skill level 7 in Axes
  7049 | D:6      | Found an ancient bone altar of Kikubaaqudgha.
  7967 | D:7      | Found a shattered altar of Ashenzari.
  8005 | D:7      | Noticed Duvessa
  8005 | D:7      | Noticed Dowan
  8014 | D:7      | Killed Dowan
  8037 | D:7      | Killed Duvessa
  8753 | D:7      | Reached skill level 5 in Dodging
  9166 | D:7      | Found a sparkling altar of Nemelex Xobeh.
  9174 | D:7      | Reached skill level 8 in Axes
  9936 | D:8      | Reached skill level 1 in Evocations
 10025 | D:8      | Reached XP level 10. HP: 75/86 MP: 10/10
 10187 | D:8      | Found a sacrificial altar of Ru.
 10371 | D:8      | Found a shimmering altar of Xom.
 10551 | D:9      | Became a worshipper of Beogh the Brigand
 10825 | D:9      | Found an oddly glowing altar of Pakellas.
 10838 | D:9      | Reached skill level 9 in Axes
 10903 | D:9      | Found a staircase to the Orcish Mines.
 11101 | D:9      | Noticed Joseph
 11115 | D:9      | Killed Joseph
 12041 | Orc:1    | Entered Level 1 of the Orcish Mines
 12110 | Orc:1    | Reached * piety under Beogh
 12381 | Orc:1    | Noticed an orc high priest
 12386 | Orc:1    | Noticed a sixfirhy
 12386 | Orc:1    | Noticed a soul eater
 12389 | Orc:1    | Found a roughly hewn altar of Beogh.
 12390 | Orc:1    | Noticed a sixfirhy
 12390 | Orc:1    | Noticed a rust devil
 12407 | Orc:1    | Reached skill level 10 in Axes
 12490 | Orc:1    | HP: 3/88 [troll (8)]
 12565 | Orc:1    | HP: 2/88 [troll (13)]
 12875 | Orc:1    | Noticed a rust devil
 12882 | Orc:1    | Noticed a rust devil
 12893 | Orc:1    | HP: 6/132 [rust devil[an orc high priest] (3)]
 12894 | Orc:1    | Slain by a red devil

Vault maps used:
D:1:      lemuel_arrival_hallway
D:2:      okawaru_metal_pillars_3, elyvilon_altar_3, tso_altar,
          minmay_misc_feat_hallway, kennysheep_nondescript
D:3:      grunt_qazlal_clouds, gammafunk_temple_overflow_pools, first_bread,
          minmay_crystal_room
D:4:      lemuel_doored_altar, minmay_temple_entry_poolview, enter_ossuary_5,
          hangedman_abyss_or_decor_lesser_grid
D:5:      kennysheep_mini
D:6:      nicolae_overflow_crystal_walls, uniq_edmund
D:7:      nemelex_deck, overflow_temple_1_default, uniq_duvessa
D:8:      overflow_temple_1_default, nicolae_ru_the_path_less_chosen
D:9:      kennysheep_little_box, uniq_joseph
Orc:1:    basic_altar, serial_shops, nicolae_shop_behind_doors
Ossuary:  ossuary_tomb_1

Skill      XL: |  1  2  3  4  5  6  7  8  9 10 |
---------------+-------------------------------+-----
Armour         | 4 5 6 |  6.5
Fighting       | 4 5 6 7 8 |  8.1
Shields        | 4 5 7 8 9 |  9.5
Dodging        | 1 2 3 4 5 6 |  6.4
Axes           | 3 4 5 6 8 10 | 10.1
Stealth        | 1 |  1.9
Evocations     | 1 |  1.1

Action                   |  1- 3 |  4- 6 |  7- 9 | 10-12 || total
-------------------------+-------+-------+-------+-------++-------
Melee: War axe           |    97 |   176 |   486 |   212 ||   971
       Battleaxe         |       |       |       |    55 ||    55
Invok: Convert to Beogh  |       |       |       |     1 ||     1
Evoke: Deck              |       |       |     6 |       ||     6
  Use: Scroll            |     8 |     6 |     9 |     5 ||    28
       Potion            |       |     2 |     6 |    17 ||    25
  Eat: Bread ration      |     1 |     2 |     3 |       ||     6
       Fruit             |       |       |     5 |       ||     5
       Pizza             |       |       |     1 |       ||     1
       Chunk             |       |       |     1 |       ||     1
       Meat ration       |       |       |     1 |     1 ||     2
       Beef jerky        |       |       |       |     1 ||     1
